AoeStats
← Jazzmushroom

African Clearing

510337394Analyzed
4v4 RM · 1d ago on Sep 30, 2026· 23m 17s· 8 players
Game mode
Random Map
Map size
Large (8 player)
Population
200
Speed
Normal
Resources
Standard
Victory
Conquest
Starting age
Dark Age
Ending age
Imperial Age
RankedLock teamsTeams togetherTeam positionsShared explorationLock speedFull tech treeHidden civsTurbo modeCheats
Victory
Defeat
🇦🇷 Ethiopians · Argentina
1343
+16
🇦🇷 Poles · Argentina
1312
+17
🇦🇷 Byzantines · Argentina
1311
+17
🇦🇷 Mongols · Argentina
1290
+18
🇭🇰 Hindustanis · Hong Kong SAR China
1401
-19
🇺🇸 Saracens · United States
1373
-18
🇮🇳 Huns · India
1350
-18
🇭🇰 Vikings · Hong Kong SAR China
1227
-13
Jazzmushroom
8:57 Loom
13:18 Feudal Age
14:13 Double-Bit Axe
16:03 Fletching
16:48 Horse Collar
23:32 Wheelbarrow
3HK
9:59 Loom
12:31 Feudal Age
13:09 Double-Bit Axe
13:23 Town Watch
18:33 Castle Age
19:00 Bloodlines
19:00 Scale Barding Armor
21:27 Wheelbarrow
Theodore
5:08 Loom
10:32 Loom
13:17 Feudal Age
20:54 Castle Age
19:41 Double-Bit Axe
20:24 Horse Collar
Snow100
4:33 Loom
13:47 Feudal Age
18:47 Scale Barding Armor
25:30 Castle Age
mmarca
10:34 Loom
12:45 Feudal Age
11:02 Loom
16:32 Castle Age
14:45 Double-Bit Axe
17:56 Fletching
[AdelB] TommyLee
3:06 Loom
12:25 Feudal Age
13:09 Double-Bit Axe
15:03 Fletching
15:13 Padded Archer Armor
18:29 Wheelbarrow
22:19 Castle Age
21:53 Gold Mining
22:39 Crossbowman
23:18 Bodkin Arrow
[AdelB] lnferri
6:06 Loom
12:24 Feudal Age
13:00 Double-Bit Axe
19:51 Castle Age
[AdelB] TupacPalo
7:08 Loom
14:42 Feudal Age
19:28 Castle Age
17:59 Double-Bit Axe
18:03 Horse Collar
20:30 Bow Saw
22:55 Heavy Plow
23:39 Scale Barding Armor
Connection lost

Rejoining the realm…

Still unreachable

The connection could not be restored.

Session expired

The server has moved on; the page needs a fresh start.